 Dungeon Crawl Stone Soup version 0.31-a0-237-g2d982f9f85 (webtiles) character file.

Game seed: 15596033701165988017

20080 Iniera the Severer (level 12, -4/94 HPs)
             Began as a Vampire Gladiator on July 11, 2023.
             Was a Believer of Uskayaw.
             Slain by Snorg (11 damage)
             ... on level 9 of the Dungeon on July 12, 2023.
             The game lasted 00:16:48 (9438 turns).

Iniera the Severer (Vampire Gladiator)              Turns: 9438, Time: 00:16:49

Health: -4/94      AC: 15    Str: 17    XL:     12   Next: 42%
Magic:  12/16      EV: 12    Int: 10    God:    Uskayaw [**....]
Gold:   509        SH:  0    Dex: 17    Spells: 11/11 levels left

rFire   + . .        g - +0 battleaxe
rCold   . . .        (shield currently unavailable)
rNeg    . . .        o - +2 ring mail {rPois}
rPois   +            C - +0 hat {Will+}
rElec   .            w - +0 cloak
rCorr   .            h - +0 pair of gloves
SInv    +            i - +0 pair of boots
Will    ++...        l - amulet of regeneration
Stlth   +            r - ring of protection from fire
HPRegen 1.35/turn    y - +4 ring of protection
MPRegen 0.15/turn

%: no passive effects
@: healing quickly, studying Shields
A: alive, fangs 3, see invisible, vampiric 2
a: Exsanguinate, Renounce Religion, Stomp, Line Pass


You were on level 9 of the Dungeon.
You worshipped Uskayaw.
Uskayaw was noncommittal.
You visited 3 branches of the dungeon, and saw 12 of its levels.
You also visited: Bailey.

You collected 641 gold pieces.
You spent 132 gold pieces at shops.

Inventory:

Hand Weapons
 g - a +0 battleaxe (weapon)
 q - a +0 hand axe of flaming
Missiles
 d - 8 throwing nets (quivered)
 e - a javelin
 m - 6 silver javelins
 z - 7 curare-tipped darts
Armour
 h - a +0 pair of gloves (worn)
 i - a +0 pair of boots (worn)
 o - a +2 ring mail of poison resistance (worn)
 w - a +0 cloak (worn)
 C - a +0 hat of willpower (worn)
Jewellery
 l - an amulet of regeneration (around neck)
 r - a ring of protection from fire (left hand)
 y - a +4 ring of protection (right hand)
 I - a +6 ring of dexterity
Wands
 s - a wand of digging (4)
 x - a wand of paralysis (28)
 J - a wand of iceblast (6)
Scrolls
 c - a scroll of enchant weapon {unknown}
 j - 2 scrolls of teleportation
 k - 2 scrolls of fog
 u - 2 scrolls of blinking
 D - a scroll of amnesia {unknown}
 E - 3 scrolls of identify
 F - a scroll of immolation
 H - 2 scrolls of enchant armour {unknown}
Potions
 a - 3 potions of attraction
 f - 3 potions of curing
 n - 3 potions of enlightenment
 p - 2 potions of mutation {unknown}
 t - a potion of magic
 v - 2 potions of cancellation {unknown}
 A - 2 potions of might {unknown}
 B - 2 potions of haste {unknown}
 G - a potion of invisibility
Miscellaneous
 b - a phial of floods


   Skills:
 + Level 8.9 Fighting
 * Level 15.0 Axes
 - Level 2.0 Throwing
 + Level 4.5 Armour
 - Level 3.2 Dodging
 + Level 6.3 Invocations


You had 11 spell levels left.
You didn't know any spells.
Your spell library contained the following spells:

 Spells                   Type           Power      Damage    Failure   Level
 Freeze                   Ice            0%         1d3       54%         1
 Scorch                   Fire           0%         2d5       69%         2
 Frozen Ramparts          Ice            0%         1d1       89%         3
 Hailstorm                Conj/Ice       0%         3d3       89%         3
 Inner Flame              Hex/Fire       0%         N/A       89%         3
 Flame Wave               Conj/Fire      0%         2d4       100%        4
 Leda's Liquefaction      Hex/Erth       0%         N/A       100%        4
 Fireball                 Conj/Fire      0%         3d3       100%        5
 Iskenderun's Battlesphe  Conj           0%         2d6       100%        5
 Lee's Rapid Deconstruct  Erth           0%         3d4*      100%        5
 Yara's Violent Unravell  Hex/Tmut       0%         3d3       100%        5
 Conjure Ball Lightning   Conj/Air       0%         3x3d6     100%        6
 Leda's Unmaking          Conj/Erth      0%         9d1       100%        6
 Statue Form              Tmut/Erth      0%         N/A       100%        6
 Summon Cactus Giant      Summ           0%         N/A       100%        6
 Enfeeble                 Hex            0%         N/A       100%        7
 Orb of Destruction       Conj           0%         9d5       100%        7


Dungeon Overview and Level Annotations

Branches:
Dungeon (10/15)            Temple (1/1) D:4             Orc (1/2) D:9
 Bailey (visited)
   Lair: D:8-11

Altars:
Ashenzari
Cheibriados
Dithmenos
Fedhas
Gozag
Hepliaklqana
Kikubaaqudgha
Makhleb
Nemelex Xobeh
Okawaru
Qazlal
Ru
Sif Muna
Trog
Uskayaw
Vehumet
Wu Jian
Xom
Yredelemnul

Shops:
D:3 [   D:7 *

Portals:
Abyss: D:10

Annotations:
D:5 1 runed translucent door, AwFulAwFulPlayer's ghost, weakling HuDe
D:7 1 runed translucent door, Crazy Yiuf
D:9 exclusion: oklob plant, Snorg
D:10 2 transporters, MathMan16's ghost, journeyman HOCA


Innate Abilities, Weirdness & Mutations

Your natural rate of healing is accelerated.
You have razor-sharp teeth.
You have supernaturally acute eyesight. (SInv)
You are afflicted with vampirism and can become a bat while bloodless.


Message History

Snorg is moderately wounded.
Snorg bites you! Snorg misses you. Snorg claws you. Snorg bites you!
Snorg barely misses you. Snorg claws you but does no damage.
You can now pass through a line of other dancers.
You closely miss Snorg. Your bite misses Snorg.
Snorg is moderately wounded.
Snorg bites you. Snorg claws you but does no damage. x2
You hit Snorg.
Snorg is moderately wounded.
Snorg misses you. Snorg barely misses you. Snorg claws you but does no damage.
Snorg misses you. Snorg barely misses you. Snorg claws you but does no damage.
You slash Snorg!
Snorg is moderately wounded.
Snorg bites you! Snorg claws you but does no damage. x2
You barely miss Snorg.
Snorg is moderately wounded.
Snorg bites you! Snorg misses you. x2; Snorg bites you!
Snorg barely misses you. x2
You slice Snorg!!
Snorg is heavily wounded.
Snorg misses you. Snorg claws you but does no damage. Snorg claws you.
You barely miss Snorg. You bite Snorg.
Snorg is heavily wounded.
Snorg bites you! Snorg claws you but does no damage. Snorg closely misses you.
Snorg bites you!!
* * * LOW HITPOINT WARNING * * *
Snorg barely misses you. Snorg claws you but does no damage.
Aiming: Line Pass
Press: ? - help, Dir - move target Snorg appears confused.
Snorg closely misses you. Snorg barely misses you. Snorg misses you.
Snorg bites you!
* * * LOW HITPOINT WARNING * * *
Snorg barely misses you. Snorg claws you but does no damage.
You slash Snorg!
Snorg is heavily wounded.
Snorg seems less confused.
Snorg bites you.
* * * LOW HITPOINT WARNING * * *
Snorg claws you but does no damage. Snorg claws you!
You die...

#..........#...###............#
##.........#.....#............#
.#.........#.....#............##
.##........#.....#.............#
..#........#.....#..)).........#
..##.......#.....#..[....#######
...#.....###.....#..<....#
...#.....#...^...#.[.....#
...#.....#......@T.>.....##
.).#.....#.......#........#
...##....#########........#
...†#.....................#
#...#.......#####################
#...#.......#P.P#PPPPPP#PPP#PPPP#
#...#.......#P##.#PP.PP.#PPP.PPP#
#...#.......#PPP#PPPPP#PP#PP..PP#
#))†#.......#PPPPPPP#P#P.PPPP..P#


You could see Snorg (berserk).

Vanquished Creatures
  Gastronok (D:9)
  A boulder beetle (D:8)
  Pikel (D:7)
  An orc knight (Bailey)
  2 deep elf pyromancers (D:8)
  A manticore (D:8)
  Maurice (D:9)
  Joseph (D:8)
  Maggie (D:6)
  2 tengu conjurers (D:8)
  A meliai (D:8)
  2 trolls
  A shadow (D:7)
  Sigmund (D:5)
  14 yaks
  2 wraiths (D:10)
  2 wyverns
  2 steam dragons
  A basilisk (D:8)
  Grum (D:9)
  Menkaure (D:4)
  3 wargs (D:9)
  10 orc warriors (Bailey)
  An ice beast (D:4)
  2 ogres
  4 centaurs (D:9)
  2 wolves (D:9)
  2 phantoms
  3 lemures (D:7)
  7 bullfrogs
  5 gnoll sergeants
  4 kobold brigands
  3 scorpions
  10 wights
  4 killer bees (D:9)
  3 howler monkeys
  3 hounds (D:5)
  A jelly (D:6)
  3 orc priests
  A sleepcap (D:8)
  5 gnoll boudas
  4 iguanas
  4 orc wizards
  Robin (D:2)
  45 gnolls
  9 adders
  2 white imps
  An ufetubus (D:6)
  2 worms
  40 orcs
  10 ball pythons
  9 endoplasms
  4 giant cockroaches
  14 goblins
  14 hobgoblins
  15 jackals
  22 kobolds
  3 quokkas
  2 bats (D:2)
  4 frilled lizards (D:1)
  4 rats
325 creatures vanquished.

Vanquished Creatures (others)
  A wizard (D:6)
1 creature vanquished.

Grand Total: 326 creatures vanquished

Notes
Turn   | Place    | Note
-------+----------+-------------------------------------------
     0 | D:1      | Iniera the Vampire Gladiator began the quest for the Orb.
     0 | D:1      | Reached XP level 1. HP: 16/16 MP: 1/1
    85 | D:1      | Reached skill level 3 in Axes
    96 | D:1      | Reached XP level 2. HP: 22/22 MP: 2/2
   337 | D:1      | Found a faded altar of an unknown god.
   604 | D:1      | Gained mutation: You are afflicted with vampirism and can
                  | become a bat while bloodless. [Vampire growth]
   604 | D:1      | Reached XP level 3. HP: 27/27 MP: 3/3
   785 | D:2      | Found a shadowy altar of Dithmenos.
   794 | D:2      | Noticed Robin
   891 | D:2      | Killed Robin
   960 | D:2      | Reached XP level 4. HP: 34/34 MP: 4/4
  1089 | D:2      | Reached skill level 1 in Armour
  1486 | D:3      | Noticed a scorpion
  1492 | D:3      | Killed a scorpion
  1493 | D:3      | Reached skill level 4 in Axes
  1493 | D:3      | Reached XP level 5. HP: 21/40 MP: 5/5
  1697 | D:3      | Found Ademojie's Armour Emporium.
  2006 | D:4      | Noticed an ice beast
  2009 | D:4      | Found a staircase to the Ecumenical Temple.
  2027 | D:4      | Killed an ice beast
  2028 | D:4      | Reached XP level 6. HP: 14/47 MP: 6/6
  2036 | Temple   | Entered the Ecumenical Temple
  2290 | D:4      | Reached skill level 5 in Axes
  2411 | D:4      | Noticed Menkaure
  2431 | D:4      | Killed Menkaure
  2634 | D:5      | Entered Level 5 of the Dungeon
  2667 | D:5      | Found a runed translucent door.
  2668 | D:5      | Noticed AwFulAwFulPlayer's ghost (weakling HuDe)
  2693 | D:5      | Reached XP level 7. HP: 53/53 MP: 7/7
  2848 | D:5      | Noticed Sigmund
  2868 | D:5      | Killed Sigmund
  2869 | D:5      | Reached skill level 6 in Axes
  3456 | D:5      | Reached XP level 8. HP: 56/61 MP: 8/8
  3573 | D:5      | Reached skill level 7 in Axes
  3661 | D:5      | Reached skill level 5 in Fighting
  4245 | D:6      | Found a stormy altar of Qazlal.
  4389 | D:6      | Reached skill level 8 in Axes
  4589 | D:6      | Found a basalt altar of Yredelemnul.
  4614 | D:6      | Found a hide-covered altar of Uskayaw.
  4621 | D:6      | Became a worshipper of Uskayaw the Reveller
  4648 | D:6      | Reached * piety under Uskayaw
  4655 | D:6      | Reached ** piety under Uskayaw
  4666 | D:6      | Reached *** piety under Uskayaw
  4701 | D:6      | Noticed Maggie
  4719 | D:6      | Killed Maggie
  4947 | D:6      | Reached XP level 9. HP: 47/69 MP: 9/9
  4952 | D:6      | Reached **** piety under Uskayaw
  5157 | D:6      | Found a bloodstained altar of Trog.
  5160 | D:6      | Noticed a wizard
  5165 | D:6      | Killed a wizard
  5332 | D:3      | Bought a +0 pair of boots for 54 gold pieces
  5552 | D:7      | Noticed Pikel
  5571 | D:7      | Reached ***** piety under Uskayaw
  5576 | D:7      | Killed Pikel
  5577 | D:7      | Reached skill level 9 in Axes
  5577 | D:7      | Reached skill level 1 in Invocations
  5681 | D:7      | Noticed a troll
  5701 | D:7      | Killed a troll
  6051 | D:7      | Found Xaukhyod's General Store.
  6057 | D:7      | Bought a potion of curing for 39 gold pieces
  6057 | D:7      | Bought a potion of curing for 39 gold pieces
  6087 | D:7      | Identified the +9 hammer of Aquth {freeze, rElec rN+ Str+5}
  6091 | D:7      | Found a runed translucent door.
  6092 | D:7      | Noticed Crazy Yiuf
  6226 | D:7      | Reached skill level 10 in Axes
  6254 | D:7      | Found an ornate altar of the Wu Jian Council.
  6528 | D:8      | Found a flagged portal.
  6551 | Bailey   | Entered a bailey
  6576 | Bailey   | Reached XP level 10. HP: 52/79 MP: 12/12
  6878 | Bailey   | Identified the +2 triple crossbow "Sikamnun" {drain,
                  | Will+++}
  6880 | Bailey   | Noticed an orc knight
  6902 | Bailey   | Killed an orc knight
  6914 | Bailey   | Reached skill level 13 in Axes
  6914 | Bailey   | Reached XP level 11. HP: 70/84 MP: 14/14
  6937 | D:8      | Noticed Joseph
  6956 | D:8      | HP: 3/84 [Joseph/+0 quarterstaff (6)]
  6957 | D:8      | Killed Joseph
  7377 | D:8      | Found the +18 Lear's hauberk
  7381 | D:8      | Noticed a deep elf pyromancer
  7382 | D:8      | Found a runed translucent door.
  7384 | D:8      | Noticed a deep elf pyromancer
  7384 | D:8      | Noticed a boulder beetle
  7398 | D:8      | Killed a deep elf pyromancer
  7405 | D:8      | Reached skill level 14 in Axes
  7406 | D:8      | Reached skill level 5 in Invocations
  7406 | D:8      | Reached ****** piety under Uskayaw
  7416 | D:8      | Killed a deep elf pyromancer
  7423 | D:8      | Identified the +1 leather armour "Loiqenla" {-Tele rPois
                  | Int+3 SInv}
  7434 | D:8      | Killed a boulder beetle
  7439 | D:8      | Identified the +4 hand axe of Harmony {holy, rN++}
  7942 | D:9      | Noticed Gastronok
  7959 | D:9      | Killed Gastronok
  8070 | D:9      | Reached XP level 12. HP: 94/94 MP: 16/16
  8074 | D:9      | Noticed Grum
  8083 | D:9      | Killed Grum
  8182 | D:9      | Found a staircase to the Orcish Mines.
  8234 | D:9      | Found a broken altar of Ashenzari.
  8401 | D:9      | Noticed Maurice
  8415 | D:9      | Killed Maurice
  8800 | D:9      | Found a blossoming altar of Fedhas.
  8868 | D:10     | Entered Level 10 of the Dungeon
  8901 | D:10     | Identified the +0 chain mail "Depon" {rN+ Str+4 Dex-5}
  9041 | D:10     | Reached skill level 15 in Axes
  9075 | D:10     | Found a transporter.
  9113 | D:10     | Found a one-way gate to the infinite horrors of the Abyss.
  9113 | D:10     | Noticed MathMan16's ghost (journeyman HOCA)
  9191 | D:10     | Found a transporter.
  9421 | Orc:1    | Entered Level 1 of the Orcish Mines
  9421 | Orc:1    | Noticed Snorg
  9421 | Orc:1    | Noticed an orc warlord
  9438 | D:9      | Slain by Snorg

Illustrated notes

Levels and vault maps discovered:
D:1:      psy_arrival_whirlpool, layout_loops_ring,
          chequers_ecumenical_altar_simple, grunt_decor_arrowhead
D:2:      layout_rooms, basic_altar, uniq_robin
D:3:      layout_rooms, serial_shops, shop, hangedman_decor_slide_cut
D:4:      wander_river, layout_loops_ring, minmay_temple_entry_wispy,
          uniq_menkaure
D:5:      lemuel_castle_with_subvaults [lemuel_castle_interior_carwin_3],
          layout_basic, ebering_ghost_reflecting_pool, uniq_sigmund
D:6:      lemuel_ice_spiral_2, layout_basic, trog_wizard,
          nicolae_qazlal_eye_of_the_storm, jmf_multi_god_temple, uniq_maggie
D:7:      kennysheep_big_flooded_room, layout_loops_cross,
          mainiacjoe_overflow_alcove_4, serial_shops, shop,
          nicolae_elevator_lobby_asterisk, uniq_pikel, uniq_crazy_yiuf_cottage
D:8:      minmay_gate_of_8, layout_loops_corners, enter_bailey_6, uniq_joseph
D:9:      kennysheep_spiral_hall, layout_irregular_city, tgw_fedhas,
          amcnicky_altar_gilded, minmay_orc_entry_guard_dogs, uniq_gastronok,
          uniq_maurice, uniq_grum
D:10:     layout_rooms, mainiacjoe_overflow_tiny_flanked,
          gammafunk_ghost_abyssal_escape
Temple:   nicolae_temple_bog_church
Orc:1:    layout_caves, uniq_snorg

Skill      XL: |  1  2  3  4  5  6  7  8  9 10 11 12 |
---------------+-------------------------------------+-----
Fighting       | 2 3 4 6 7 8 |  8.9
Axes           | 3 4 5 6 8 10 13 14 15 | 15.0
Throwing       | 2 |  2.0
Armour         | 1 2 3 4 |  4.5
Invocations    | 3 4 5 6 |  6.3
Dodging        | |  3.2

Action                     |  1- 3 |  4- 6 |  7- 9 | 10-12 || total
---------------------------+-------+-------+-------+-------++-------
  Melee: War axe           |    66 |    12 |       |       ||    78
         Bite              |     7 |    21 |    65 |    49 ||   142
         Dagger            |    40 |    57 |       |       ||    97
         Hand axe          |       |   101 |   475 |       ||   576
         Punch             |       |     1 |     5 |       ||     6
         Battleaxe         |       |       |    31 |   384 ||   415
  Throw: Javelin           |       |       |       |     5 ||     5
 Invoke: Stomp             |       |       |     3 |     4 ||     7
         Line Pass         |       |       |       |     1 ||     1
  Evoke: Wand              |       |       |       |    11 ||    11
    Use: Scroll            |     3 |       |     7 |     3 ||    13
         Potion            |       |     4 |       |     5 ||     9
   Stab: Sleeping          |     1 |       |       |       ||     1
         Paralysed         |       |       |    23 |    41 ||    64
         Invisible         |       |       |       |     9 ||     9
 Armour: Leather armour    |     4 |       |       |       ||     4
         Scale mail        |    43 |    66 |   172 |       ||   281
         Skin              |       |     5 |       |       ||     5
         Ring mail         |       |       |    90 |   236 ||   326
  Dodge: Dodged            |    97 |    96 |   370 |   305 ||   868

Table legend: (Time is in decaauts)
 A = Elapsed time spent in this place.
 B = Non-inter-level travel time spent in this place.
 C = Inter-level travel time spent in this place.
 D = Time resting spent in this place.
 E = Time spent auto-exploring this place.
 F = Levels seen in this place.
 G = Mean time per level.
                   A        B        C        D        E       F      G
               +--------+--------+--------+--------+--------+-----+--------+
         Total |   9575 |   8997 |    578 |    370 |   6204 |  13 |  736.5 |
       Dungeon |   8946 |   8384 |    562 |    354 |   5918 |  10 |  894.6 |
        Temple |    188 |    174 |     14 |      0 |    165 |   1 |  188.0 |
  Orcish Mines |      2 |      2 |      0 |      0 |      0 |   1 |    2.0 |
        Bailey |    438 |    438 |      0 |     16 |    120 |   1 |  438.0 |
               +--------+--------+--------+--------+--------+-----+--------+

Top non-repeatable levels by time:
     D:5: 1651 daAuts
     D:8: 1087 daAuts
     D:6: 1056 daAuts
     D:7: 1028 daAuts
     D:9: 1017 daAuts
     D:1: 798 daAuts
     D:4: 697 daAuts
     D:2: 556 daAuts
     D:3: 528 daAuts
    D:10: 524 daAuts
  Bailey: 438 daAuts
  Temple: 188 daAuts
   Orc:1: 2 daAuts
